 Dungeon Crawl Stone Soup version 0.21.1-1-g345015f (console) character file.

15652 fly the Fighter (level 12, -3/122 HPs)
             Began as a Deep Dwarf Necromancer on May 12, 2018.
             Was a Priest of Makhleb.
             Engulfed by an ice statue's freezing vapour (18 damage)
             ... in an ice cave.
             The game lasted 00:36:06 (13179 turns).

fly the Fighter (Deep Dwarf Necromancer)           Turns: 13179, Time: 00:36:07

Health: -3/122     AC:  9    Str: 16    XL:     12   Next: 3%
Magic:  21/21      EV: 17    Int: 21    God:    Makhleb [***...]
Gold:   819        SH:  2    Dex: 13    Spells: 14/23 levels left

rFire    . . .     SeeInvis .   a - +2 halberd (venom)
rCold    . . .     Gourm    .   (shield currently unavailable)
rNeg     . . .     Faith    .   y - +0 robe
rPois    .         Spirit   .   e - +2 helmet
rElec    .         Reflect  +   q - +0 cloak
rCorr    .         Harm     .   (no gloves)
MR       +....     Rnd*Tele +   o - +2 pair of boots
Stlth    ++........             p - +2 amulet of reflection
HPRegen  0.00/turn              v - +4 ring of strength
MPRegen  0.17/turn              i - ring of teleportation (curse)

@: non-regenerating
A: damage resistance, heal wounds, sense surroundings 2, no regeneration
a: Heal Wounds, Minor Destruction, Lesser Servant of Makhleb, Renounce Religion


You were in an ice cave.
You worshipped Makhleb.
Makhleb was most pleased with you.
You were not hungry.

You visited 2 branches of the dungeon, and saw 12 of its levels.
You visited the Abyss 1 time.
You also visited: Ice Cave.

You collected 819 gold pieces.

Inventory:

Hand Weapons
 a - a +2 halberd of venom (weapon)
Armour
 e - a +2 helmet (worn)
 o - a +2 pair of boots (worn)
 q - a +0 cloak (worn)
 y - a +0 robe (worn)
Jewellery
 i - a cursed ring of teleportation (right hand)
 k - an uncursed ring of flight
 p - a +2 amulet of reflection (around neck)
 v - a +4 ring of strength (left hand)
 A - a +5 ring of intelligence
Wands
 u - a wand of clouds (2)
 B - a wand of polymorph (15)
 F - a wand of disintegration (7)
 H - a wand of paralysis (7)
 I - a wand of random effects (24)
 K - a wand of iceblast (12)
Scrolls
 b - a scroll of enchant armour
 d - 2 scrolls of fog {unknown}
 h - a scroll of silence {unknown}
 m - 8 scrolls of teleportation
 n - 5 scrolls of enchant weapon {unknown}
 r - a scroll of magic mapping {unknown}
 s - a scroll of holy word {unknown}
 t - 3 scrolls of fear {unknown}
 x - 2 scrolls of vulnerability {unknown}
 C - 2 scrolls of immolation
Potions
 f - 7 potions of curing
 g - a potion of ambrosia {unknown}
 j - 2 potions of invisibility {unknown}
 l - a potion of flight
 w - 2 potions of lignification {unknown}
 z - 2 potions of haste
 L - a potion of resistance
Comestibles
 c - 20 rations


   Skills:
 - Level 12.0 Fighting
 - Level 9.0 Dodging
 - Level 2.4 Stealth
 - Level 6.0 Spellcasting
 + Level 10.5 Necromancy
 - Level 3.0 Invocations
 - Level 6.0 Evocations


You had 14 spell levels left.
You knew the following spells:

 Your Spells              Type           Power        Failure   Level  Hunger
c - Borgnjor's Vile Clut  Necr/Erth      ####......   30%         5    #####..
v - Vampiric Draining     Necr           ######....   1%          3    ##.....
z - Pain                  Necr           ####         1%          1    None


Dungeon Overview and Level Annotations

Branches:
Dungeon (9/15)               Lair (3/6) D:9          Spider (0/4) Lair:3
 Temple: D:4-7        Swamp: Lair:2-4    Shoals: Lair:2-4       Orc: D:9-12

Altars:
Cheibriados
Kikubaaqudgha
Makhleb
Uskayaw
Xom
Yredelemnul
Zin

Annotations:
D:6 1 runed door IceCv exclusion: 3 ice statues


Innate Abilities, Weirdness & Mutations

You are resistant to damage.
You can heal yourself by infusing magical energy.
You passively map the area around you.
You do not regenerate.


Message History

The ice statue gestures.
Casting: Vampiric Draining
Confirm with . or Enter, or press ? or * to list all spells.
You can't see any susceptible monsters within range! (Use Z to cast anyway.)
Casting: Vampiric Draining
Confirm with . or Enter, or press ? or * to list all spells.
Aiming: Vampiric Draining
Press: ? - help, Shift-Dir - straight line, f - ice statue
Aim: an ice statue (hasn't noticed you)
You can't drain life from that!
The ice statue glitters chillingly in the dim dungeon light.
The ice statue gestures.
The ice statue gestures at you. The freezing blast engulfs you!
* * * LOW HITPOINT WARNING * * *
The ice statue gestures at you. The shard of ice hits you!
* * * LOW HITPOINT WARNING * * *
You are engulfed in freezing vapours.
You die...

############# ####### , ,
##....8#.(...## ##.....# ,
,
*##......#(.....###......#
, #.......#§......#.......#
, , ,
#......§#§......#.......#
,u8.....§§§§.........∩..∩.#
,
.#......§#@§.....#.......#
, ,
,#.......#.......#.......#
,
,*##......#......###......#
, ** ##....8#!....##
##.....# * * *
############# #######


There were no monsters in sight!

Vanquished Creatures
  A hydra (Lair:1)
  2 two-headed ogres (D:8)
  An ugly thing (IceCv)
  2 black mambas
  Joseph (D:7)
  5 spiny frogs
  9 komodo dragons
  2 trolls (D:9)
  Grinder (D:3)
  3 blink frogs (Lair:1)
  A hippogriff (Lair:1)
  Prince Ribbit (D:8)
  4 yaks
  A tarantella (Lair:3)
  2 wyverns
  A basilisk (Lair:2)
  2 water moccasins
  9 porcupines
  8 ice beasts
  2 sky beasts
  3 black bears
  An orc warrior (D:8)
  A phantom (D:5)
  4 ogres
  A necrophage (D:5)
  A wolf (Lair:1)
  4 centaurs
  3 crocodiles
  A big kobold (D:9)
  8 bullfrogs
  2 scorpions
  6 killer bees (D:7)
  4 wights (D:8)
  4 crimson imps
  A centaur zombie (D:5)
  4 jellies
  An orc priest (D:8)
  3 hounds
  6 orc wizards
  2 bullfrog skeletons
  3 iguanas
  8 worker ants
  A killer bee zombie (D:9)
  A howler monkey zombie (D:8)
  11 gnolls
  12 adders
  A shadow imp (D:8)
  An ooze (D:4)
  2 adder skeletons
  2 worms (D:2)
  5 dart slugs
  6 leopard geckos
  20 orcs
  11 bats
  5 giant cockroaches
  12 goblins
  7 hobgoblins
  3 jackals (D:2)
  7 kobolds
  5 quokkas
  3 ball pythons
  A ball python skeleton (D:5)
  5 frilled lizards
  A leopard gecko skeleton (D:7)
  A quokka skeleton (D:8)
  7 rats
259 creatures vanquished.

Vanquished Creatures (others)
  13 fungi
  A plant (Lair:1)
14 creatures vanquished.

Grand Total: 273 creatures vanquished

Notes
Turn   | Place    | Note
-------+----------+-------------------------------------------
     0 | D:1      | fly the Deep Dwarf Necromancer began the quest for the Orb.
     0 | D:1      | Reached XP level 1. HP: 15/15 MP: 3/3
   144 | D:1      | Reached XP level 2. HP: 22/22 MP: 0/5
   786 | D:1      | Reached XP level 3. HP: 24/28 MP: 0/7
   820 | D:1      | Learned a level 3 spell: Vampiric Draining
  1387 | D:2      | Reached skill level 5 in Necromancy
  1483 | D:2      | Reached XP level 4. HP: 22/36 MP: 3/8
  1955 | D:3      | Noticed Grinder
  2060 | D:3      | You fall through a shaft for 3 floors!
  2073 | D:5      | Entered Level 5 of the Dungeon
  2147 | D:5      | Reached XP level 5. HP: 26/42 MP: 0/9
  2172 | D:5      | Found a snail-covered altar of Cheibriados.
  2172 | D:5      | Found an ancient bone altar of Kikubaaqudgha.
  2175 | D:5      | Noticed an ogre
  2230 | D:5      | Killed an ogre
  2283 | D:5      | Reached XP level 6. HP: 38/49 MP: 0/10
  2330 | D:5      | Reached skill level 5 in Dodging
  2944 | D:4      | Reached XP level 7. HP: 43/55 MP: 3/11
  3118 | D:3      | Learned a level 5 spell: Borgnjor's Vile Clutch
  3896 | D:3      | Found a shimmering altar of Xom.
  4058 | D:3      | Killed Grinder
  4429 | D:4      | Found a glowing silver altar of Zin.
  4429 | D:4      | Found a burning altar of Makhleb.
  4430 | D:4      | Noticed a cacodemon
  4430 | D:4      | Noticed an angel
  4497 | D:5      | Reached XP level 8. HP: 46/62 MP: 12/12
  5161 | D:4      | Became a worshipper of Makhleb the Destroyer
  5224 | D:6      | Reached skill level 5 in Spellcasting
  5347 | D:6      | Found a glowing silver altar of Zin.
  5347 | D:6      | Found a runed door.
  5347 | D:6      | Noticed an angel
  5449 | D:6      | Found a basalt altar of Yredelemnul.
  5844 | D:7      | Gained mutation: You passively map the area around you. [Deep Dwarf growth]
  5844 | D:7      | Reached XP level 9. HP: 49/66 MP: 14/18
  5957 | D:7      | Noticed Joseph
  5991 | D:7      | Killed Joseph
  6343 | D:7      | Reached skill level 1 in Fighting
  6351 | D:7      | Reached * piety under Makhleb
  7185 | D:8      | Reached skill level 2 in Fighting
  7197 | D:8      | Noticed a two-headed ogre
  7212 | D:8      | Killed a two-headed ogre
  7212 | D:8      | Reached skill level 5 in Fighting
  7224 | D:8      | HP: 3/79 [wight/long sword (11)]
  7395 | D:8      | Reached skill level 6 in Fighting
  7395 | D:8      | Reached XP level 10. HP: 48/91 MP: 9/19
  7600 | D:8      | Noticed a two-headed ogre
  7614 | D:8      | Killed a two-headed ogre
  7614 | D:8      | Reached skill level 7 in Fighting
  7761 | D:8      | Noticed a hand axe
  7792 | D:8      | Found a hide-covered altar of Uskayaw.
  7793 | D:8      | Noticed a dagger
  7808 | D:8      | Noticed Prince Ribbit
  7821 | D:8      | Killed Prince Ribbit
  8334 | D:9      | Reached ** piety under Makhleb
  8334 | D:9      | Reached skill level 8 in Fighting
  8519 | D:9      | Found a staircase to the Lair.
  8630 | D:9      | Reached skill level 9 in Fighting
  9321 | Lair:1   | Entered Level 1 of the Lair of Beasts
  9392 | Lair:1   | Noticed a black mamba
  9397 | Lair:1   | Killed a black mamba
  9411 | Lair:1   | Reached skill level 10 in Fighting
  9615 | Lair:1   | Reached XP level 11. HP: 56/110 MP: 7/20
  9924 | Lair:1   | Reached skill level 11 in Fighting
  9982 | Lair:1   | Noticed a four-headed hydra
 10501 | Lair:1   | Killed a four-headed hydra
 10886 | Lair:1   | Cast into level 2 of the Abyss (a distortion unwield)
 10890 | Abyss:2  | Found a corrupted altar of Lugonu.
 10922 | Abyss:2  | Found a sparkling altar of Nemelex Xobeh.
 10936 | Abyss:2  | Noticed a bone dragon
 10950 | Abyss:2  | Found a corrupted altar of Lugonu.
 11002 | Lair:1   | Escaped the Abyss
 11120 | Lair:2   | Reached skill level 12 in Fighting
 11229 | Lair:2   | Reached skill level 1 in Invocations
 11229 | Lair:2   | Reached skill level 1 in Evocations
 11786 | Lair:2   | Reached skill level 5 in Evocations
 12348 | Lair:3   | Reached *** piety under Makhleb
 12544 | Lair:3   | Found a hole to the Spider Nest.
 12677 | Lair:3   | Found a frozen archway.
 12693 | IceCv    | Entered an ice cave
 12703 | IceCv    | Reached skill level 10 in Necromancy
 12859 | IceCv    | Noticed a white ugly thing
 12859 | IceCv    | Noticed a white ugly thing
 12879 | IceCv    | Killed a white ugly thing
 12879 | IceCv    | Reached XP level 12. HP: 24/122 MP: 0/21
 13179 | IceCv    | Engulfed by an ice statue's freezing vapour

Skill      XL: |  1  2  3  4  5  6  7  8  9 10 11 |
---------------+----------------------------------+-----
Spellcasting   | 2 3 6 |  6.0
Necromancy     | 5 6 7 9 10 | 10.5
Dodging        | 4 6 8 9 |  9.0
Fighting       | 6 10 12 | 12.0
Invocations    | 3 |  3.0
Evocations     | 6 |  6.0
Stealth        | |  2.4

Action                   |  1- 3 |  4- 6 |  7- 9 | 10-12 || total
-------------------------+-------+-------+-------+-------++-------
Melee: Unarmed           |    90 |     2 |       |       ||    92
       Hand axe          |       |    55 |    28 |       ||    83
       Halberd           |       |       |   178 |   218 ||   396
       Morningstar       |       |       |    48 |       ||    48
 Cast: Pain              |    65 |    55 |    46 |    11 ||   177
       Vampiric Draining |       |    18 |    71 |   166 ||   255
Evoke: Wand              |       |       |     1 |     9 ||    10
  Use: Scroll            |       |       |     7 |     9 ||    16
       Potion            |       |       |     1 |     2 ||     3
 Stab: Sleeping          |       |       |     3 |     9 ||    12
       Paralysed         |       |       |       |    10 ||    10
  Eat: Chunk             |     2 |     6 |    18 |    14 ||    40
       Ration            |       |       |       |     2 ||     2
Armor: Robe              |    23 |    17 |    54 |    52 ||   146
Dodge: Dodged            |    78 |    86 |   329 |   325 ||   818
Block: Other             |       |     9 |    31 |    21 ||    61
       Reflection        |       |       |     2 |       ||     2
